2718 views
Uploaded 2022-01-20 09:33:53
Game version 1.32.10
40:47 long 4on4 ladder game on (8)MarketSquare
Saved by xzz
2718 views
Uploaded 2022-01-20 09:33:53
Game version 1.32.10
40:47 long 4on4 ladder game on (8)MarketSquare


187 units @ 21.6k
/ 3.4k
105 buildings @ 14.3k
/ 6.3k


| Staff of Preservation | 2 | 300 |
| Lesser Clarity Potion | 2 | 140 |
| Moonstone | 1 | 50 |
| Orb of Venom | 2 | 650 |
| Potion of Healing | 2 | 300 |
| Scroll of Town Portal | 4 | 1400 |
| Potion of Lesser Invulnerability | 2 | 300 |
| total: | 15 | 3140g |
| Wisp | 14 | 840 | / | 0 |
| Archer | 9 | 1170 | / | 90 |
| Dryad | 7 | 1015 | / | 420 |
| Mountain Giant | 2 | 700 | / | 200 |
| total: | 32 | 3725g | / | 710w |
| Ancient Protector | 1 | 135 | / | 80 |
| Moon Well | 6 | 1080 | / | 240 |
| Altar of Elders | 1 | 180 | / | 50 |
| Ancient of War | 1 | 150 | / | 60 |
| Ancient of Wonders | 1 | 90 | / | 30 |
| Hunter's Hall | 1 | 210 | / | 100 |
| Tree of Life | 3 | 1020 | / | 555 |
| Ancient of Lore | 2 | 310 | / | 290 |
| Tree of Ages | 1 | 320 | / | 180 |
| Tree of Eternity | 1 | 330 | / | 200 |
| total: | 16 | 3175g | / | 1405w |
| 0:03 | Wisp |
| 0:03 | Wisp |
| 0:18 | Moon Well |
| 0:21 | Wisp |
| 0:33 | Altar of Elders |
| 0:36 | Wisp |
| 0:49 | Ancient of War |
| 0:51 | Wisp |
| 1:00 | Wisp |
| 1:11 | Wisp |
| 1:18 | Wisp |
| 1:38 | Moon Well |
| 1:49 | Archer |
| 2:01 | Ancient of Wonders |
| 2:03 | Wisp |
| 2:21 | Wisp |
| 2:22 | Wisp |
| 2:36 | Entangling Roots |
| 2:41 | Tree of Ages |
| 3:11 | Archer |
| 3:19 | Archer |
| 3:30 | Hunter's Hall |
| 3:34 | Archer |
| 3:45 | Moon Well |
| 3:46 | Moon Well |
| 3:55 | Archer |
| 4:16 | Archer |
| 4:41 | Ancient Protector |
| 4:53 | Thorns Aura |
| 5:15 | Archer |
| 5:38 | Archer |
| 5:50 | Archer |
| 6:24 | Ancient of Lore |
| 6:26 | Ancient of Lore |
| 6:28 | Wisp |
| 6:28 | Wisp |
| 6:55 | Moon Well |
| 7:45 | Abolish Magic |
| 7:46 | Dryad |
| 7:53 | Wisp |
| 7:59 | Trueshot Aura |
| 8:32 | Mountain Giant |
| 8:55 | Dryad |
| 9:20 | Dryad |
| 9:38 | Entangling Roots |
| 10:45 | Dryad |
| 11:08 | Dryad |
| 11:32 | Staff of Preservation |
| 11:32 | Scroll of Town Portal |
| 11:33 | Lesser Clarity Potion |
| 11:46 | Tree of Eternity |
| 11:49 | Reinforced Hides |
| 12:13 | Strength of the Wild |
| 12:18 | Strength of the Moon |
| 12:57 | Searing Arrows |
| 13:33 | Scroll of Town Portal |
| 13:35 | Staff of Preservation |
| 13:55 | Improved Reinforced Hides |
| 14:03 | Improved Strength of the Moon |
| 14:50 | Moon Well |
| 14:58 | Dryad |
| 15:41 | Advanced Reinforced Hides |
| 15:42 | Improved Strength of the Wild |
| 16:13 | Searing Arrows |
| 16:22 | Thorns Aura |
| 16:25 | Dryad |
| 17:10 | Moonstone |
| 17:15 | Orb of Venom |
| 17:16 | Scroll of Town Portal |
| 17:17 | Lesser Clarity Potion |
| 17:34 | Moon Armor |
| 17:35 | Well Spring |
| 20:01 | Potion of Healing |
| 20:02 | Potion of Healing |
| 20:04 | Orb of Venom |
| 20:13 | Tree of Life |
| 20:19 | Mountain Giant |
| 20:23 | Hardened Skin |
| 20:26 | Resistant Skin |
| 21:01 | Entangling Roots |
| 22:44 | Trueshot Aura |
| 22:58 | Potion of Lesser Invulnerability |
| 26:13 | Scroll of Town Portal |
| 27:13 | Potion of Lesser Invulnerability |
| 28:02 | Tranquility |
| 31:00 | Thorns Aura |
| 31:32 | Tree of Life |
| 32:22 | Tree of Life |
| Right click | 1812 |
| Select group | 1163 |
| Select | 507 |
| Build/train/purchase | 117 |
| Assign group | 69 |
| Use ability | 62 |
| Chat | 54 |
| Misc. action | 19 |
| Resource trade | 14 |
| Item give/drop | 6 |
| Remove unit | 4 |

| Potion of Mana | 6 | 1200 |
| Potion of Healing | 4 | 600 |
| Scroll of Regeneration | 3 | 300 |
| Scroll of Town Portal | 4 | 1400 |
| total: | 17 | 3500g |
| Peasant | 26 | 1950 | / | 0 |
| Footman | 6 | 810 | / | 0 |
| Knight | 9 | 2205 | / | 540 |
| Priest | 7 | 945 | / | 70 |
| Flying Machine | 38 | 3800 | / | 1140 |
| Rifleman | 2 | 410 | / | 60 |
| Siege Engine | 1 | 195 | / | 60 |
| total: | 89 | 10315g | / | 1870w |
| Scout Tower | 23 | 690 | / | 460 |
| Arcane Tower | 2 | 140 | / | 100 |
| Guard Tower | 8 | 560 | / | 400 |
| Barracks | 4 | 640 | / | 240 |
| Farm | 10 | 800 | / | 200 |
| Altar of Kings | 1 | 180 | / | 50 |
| Lumber Mill | 1 | 120 | / | 0 |
| Town Hall | 2 | 770 | / | 410 |
| Blacksmith | 2 | 280 | / | 120 |
| Arcane Vault | 3 | 390 | / | 90 |
| Arcane Sanctum | 1 | 150 | / | 140 |
| Workshop | 2 | 280 | / | 280 |
| Keep | 2 | 640 | / | 420 |
| Castle | 2 | 720 | / | 420 |
| total: | 49 | 4300g | / | 1990w |
| 0:02 | Peasant |
| 0:02 | Peasant |
| 0:20 | Barracks |
| 0:23 | Peasant |
| 0:34 | Farm |
| 0:35 | Farm |
| 0:42 | Peasant |
| 0:49 | Altar of Kings |
| 0:52 | Peasant |
| 1:05 | Lumber Mill |
| 1:17 | Peasant |
| 1:21 | Footman |
| 1:34 | Peasant |
| 1:36 | Footman |
| 1:45 | Farm |
| 1:52 | Peasant |
| 2:04 | Peasant |
| 2:09 | Improved Lumber Harvesting |
| 2:19 | Peasant |
| 2:34 | Peasant |
| 2:44 | Peasant |
| 2:50 | Storm Bolt |
| 2:54 | Farm |
| 3:07 | Peasant |
| 3:14 | Peasant |
| 3:28 | Town Hall |
| 3:34 | Scout Tower |
| 3:36 | Scout Tower |
| 3:41 | Peasant |
| 3:47 | Peasant |
| 3:57 | Peasant |
| 4:06 | Arcane Tower |
| 4:30 | Peasant |
| 4:37 | Footman |
| 4:39 | Bash |
| 4:42 | Peasant |
| 4:42 | Peasant |
| 5:00 | Keep |
| 5:02 | Peasant |
| 5:13 | Footman |
| 5:22 | Blacksmith |
| 5:25 | Blacksmith |
| 5:31 | Footman |
| 5:35 | Peasant |
| 5:49 | Improved Masonry |
| 5:53 | Scout Tower |
| 5:53 | Scout Tower |
| 5:53 | Scout Tower |
| 5:54 | Scout Tower |
| 5:55 | Scout Tower |
| 5:57 | Arcane Vault |
| 5:58 | Peasant |
| 6:22 | Guard Tower |
| 6:34 | Scout Tower |
| 6:34 | Scout Tower |
| 6:34 | Scout Tower |
| 6:40 | Iron Forged Swords |
| 6:40 | Iron Plating |
| 7:00 | Peasant |
| 7:00 | Peasant |
| 7:02 | Scout Tower |
| 7:02 | Scout Tower |
| 7:03 | Arcane Vault |
| 7:06 | Scout Tower |
| 7:32 | Storm Bolt |
| 7:46 | Castle |
| 7:47 | Steel Forged Swords |
| 7:47 | Steel Plating |
| 7:48 | Advanced Lumber Harvesting |
| 7:50 | Arcane Sanctum |
| 7:57 | Guard Tower |
| 8:13 | Barracks |
| 8:18 | Barracks |
| 8:22 | Barracks |
| 8:26 | Farm |
| 8:49 | Advanced Masonry |
| 8:51 | Guard Tower |
| 9:40 | Priest Adept Training |
| 9:44 | Footman |
| 10:12 | Mithril Forged Swords |
| 10:12 | Mithril Plating |
| 10:16 | Animal War Training |
| 10:16 | Knight |
| 10:38 | Scout Tower |
| 10:39 | Scout Tower |
| 10:41 | Magic Sentry |
| 10:45 | Knight |
| 10:51 | Arcane Vault |
| 11:00 | Priest Master Training |
| 11:03 | Imbued Masonry |
| 11:04 | Peasant |
| 11:06 | Arcane Tower |
| 11:09 | Guard Tower |
| 11:25 | Farm |
| 11:26 | Farm |
| 11:26 | Farm |
| 11:29 | Farm |
| 11:30 | Farm |
| 11:34 | Scout Tower |
| 11:35 | Scout Tower |
| 11:37 | Scout Tower |
| 11:48 | Scroll of Town Portal |
| 11:48 | Potion of Mana |
| 11:48 | Potion of Healing |
| 11:51 | Scroll of Regeneration |
| 11:53 | Potion of Mana |
| 12:28 | Black Gunpowder |
| 12:28 | Studded Leather Armor |
| 12:30 | Guard Tower |
| 12:32 | Guard Tower |
| 12:35 | Priest |
| 12:39 | Workshop |
| 12:41 | Workshop |
| 12:58 | Bash |
| 13:06 | Guard Tower |
| 13:49 | Scroll of Regeneration |
| 14:01 | Priest |
| 14:02 | Knight |
| 14:06 | Flak Cannons |
| 14:07 | Flying Machine |
| 14:11 | Flying Machine |
| 14:13 | Refined Gunpowder |
| 14:13 | Reinforced Leather Armor |
| 14:20 | Scroll of Town Portal |
| 14:36 | Potion of Mana |
| 14:44 | Knight |
| 14:47 | Flying Machine |
| 14:52 | Flying Machine |
| 14:58 | Flying Machine |
| 15:12 | Flying Machine |
| 15:28 | Flying Machine |
| 15:41 | Flying Machine |
| 15:42 | Flying Machine |
| 16:03 | Flying Machine |
| 16:03 | Flying Machine |
| 16:28 | Storm Bolt |
| 16:43 | Flying Machine |
| 16:43 | Flying Machine |
| 16:43 | Flying Machine |
| 17:12 | Knight |
| 17:53 | Flying Machine |
| 17:53 | Flying Machine |
| 18:02 | Flying Machine |
| 18:15 | Town Hall |
| 18:26 | Flying Machine |
| 18:43 | Flying Machine |
| 19:07 | Flying Machine |
| 19:07 | Flying Machine |
| 19:07 | Flying Machine |
| 19:19 | Flying Machine |
| 19:32 | Scroll of Town Portal |
| 19:49 | Flying Machine |
| 19:49 | Flying Machine |
| 20:09 | Flying Machine |
| 20:13 | Keep |
| 22:37 | Avatar |
| 22:56 | Castle |
| 24:53 | Flying Machine |
| 24:54 | Flying Machine |
| 24:55 | Flying Machine |
| 25:18 | Imbued Gunpowder |
| 25:19 | Dragonhide Armor |
| 25:20 | Knight |
| 25:23 | Flying Machine Bombs |
| 25:25 | Priest |
| 25:25 | Priest |
| 25:27 | Knight |
| 25:47 | Bash |
| 26:37 | Scroll of Town Portal |
| 26:37 | Potion of Mana |
| 26:37 | Potion of Healing |
| 26:40 | Potion of Healing |
| 26:40 | Potion of Mana |
| 26:41 | Potion of Healing |
| 27:50 | Thunder Clap |
| 28:05 | Knight |
| 29:26 | Knight |
| 29:28 | Priest |
| 29:28 | Priest |
| 29:46 | Thunder Clap |
| 30:04 | Priest |
| 30:45 | Scout Tower |
| 30:45 | Scout Tower |
| 30:46 | Scout Tower |
| 30:46 | Scout Tower |
| 30:47 | Scout Tower |
| 30:49 | Flying Machine |
| 30:49 | Flying Machine |
| 30:50 | Flying Machine |
| 30:50 | Flying Machine |
| 30:50 | Flying Machine |
| 31:19 | Guard Tower |
| 31:35 | Flying Machine |
| 31:35 | Flying Machine |
| 31:35 | Flying Machine |
| 31:35 | Flying Machine |
| 32:09 | Thunder Clap |
| 33:18 | Long Rifles |
| 33:18 | Rifleman |
| 33:21 | Barrage |
| 33:21 | Siege Engine |
| 33:26 | Potion of Mana |
| 33:32 | Scroll of Regeneration |
| 33:41 | Rifleman |
| Select group | 1064 |
| Assign group | 964 |
| Select | 764 |
| Right click | 683 |
| Misc. action | 586 |
| Build/train/purchase | 182 |
| Chat | 75 |
| Use ability | 69 |
| Minimap ping | 13 |
| Resource trade | 12 |
| Esc | 6 |
| Item give/drop | 1 |
| Remove unit | 1 |



| Lesser Clarity Potion | 2 | 140 |
| Staff of Preservation | 1 | 150 |
| Potion of Healing | 3 | 450 |
| Orb of Venom | 1 | 325 |
| Dust of Appearance | 1 | 75 |
| Scroll of Town Portal | 3 | 1050 |
| Potion of Lesser Invulnerability | 1 | 150 |
| Boots of Speed | 1 | 250 |
| total: | 13 | 2590g |
| Wisp | 14 | 840 | / | 0 |
| Archer | 2 | 260 | / | 20 |
| Huntress | 4 | 780 | / | 80 |
| Faerie Dragon | 4 | 620 | / | 100 |
| Chimaera | 2 | 660 | / | 140 |
| total: | 26 | 3160g | / | 340w |
| Ancient Protector | 6 | 810 | / | 480 |
| Altar of Elders | 1 | 180 | / | 50 |
| Moon Well | 4 | 720 | / | 160 |
| Ancient of War | 1 | 150 | / | 60 |
| Hunter's Hall | 1 | 210 | / | 100 |
| Ancient of Wonders | 1 | 90 | / | 30 |
| Tree of Life | 1 | 340 | / | 185 |
| Ancient of Wind | 1 | 150 | / | 140 |
| Chimaera Roost | 1 | 140 | / | 190 |
| Tree of Ages | 1 | 320 | / | 180 |
| Tree of Eternity | 1 | 330 | / | 200 |
| total: | 17 | 2790g | / | 1395w |
| 0:02 | Wisp |
| 0:07 | Altar of Elders |
| 0:09 | Wisp |
| 0:18 | Moon Well |
| 0:20 | Wisp |
| 0:34 | Ancient of War |
| 0:37 | Wisp |
| 0:56 | Wisp |
| 1:03 | Wisp |
| 1:19 | Wisp |
| 1:27 | Moon Well |
| 1:35 | Archer |
| 1:45 | Wisp |
| 2:06 | Hunter's Hall |
| 2:11 | Entangling Roots |
| 2:14 | Wisp |
| 2:35 | Archer |
| 2:38 | Wisp |
| 2:53 | Ancient of Wonders |
| 3:26 | Huntress |
| 3:33 | Ancient Protector |
| 3:53 | Tree of Ages |
| 4:15 | Huntress |
| 4:19 | Dust of Appearance |
| 4:26 | Ancient Protector |
| 4:48 | Huntress |
| 5:19 | Huntress |
| 5:30 | Strength of the Wild |
| 5:33 | Moon Well |
| 6:14 | Tree of Eternity |
| 6:42 | Thorns Aura |
| 6:56 | Ancient of Wind |
| 7:13 | Lesser Clarity Potion |
| 7:16 | Scroll of Town Portal |
| 7:53 | Cluster Rockets |
| 7:57 | Reinforced Hides |
| 10:08 | Faerie Dragon |
| 10:08 | Faerie Dragon |
| 10:10 | Scroll of Town Portal |
| 10:10 | Staff of Preservation |
| 10:13 | Potion of Healing |
| 10:13 | Orb of Venom |
| 10:19 | Entangling Roots |
| 10:45 | Healing Spray |
| 11:16 | Faerie Dragon |
| 11:33 | Chimaera Roost |
| 11:38 | Engineering Upgrade |
| 11:49 | Moon Well |
| 11:51 | Improved Reinforced Hides |
| 12:45 | Chemical Rage |
| 12:52 | Faerie Dragon |
| 12:55 | Improved Strength of the Wild |
| 13:07 | Chimaera |
| 13:14 | Potion of Healing |
| 13:17 | Lesser Clarity Potion |
| 13:19 | Potion of Healing |
| 14:13 | Corrosive Breath |
| 14:46 | Tree of Life |
| 14:53 | Wisp |
| 14:53 | Wisp |
| 14:53 | Wisp |
| 14:57 | Ancient Protector |
| 15:08 | Cluster Rockets |
| 15:13 | Wisp |
| 15:56 | Chimaera |
| 16:00 | Thorns Aura |
| 16:33 | Ancient Protector |
| 16:33 | Ancient Protector |
| 16:33 | Ancient Protector |
| 17:07 | Healing Spray |
| 20:00 | Entangling Roots |
| 20:50 | Potion of Lesser Invulnerability |
| 20:51 | Boots of Speed |
| 20:55 | Scroll of Town Portal |
| 22:44 | Tranquility |
| Select group | 2809 |
| Right click | 2106 |
| Select | 882 |
| Misc. action | 165 |
| Chat | 98 |
| Build/train/purchase | 72 |
| Use ability | 63 |
| Assign group | 29 |
| Minimap ping | 4 |
| Resource trade | 4 |

| Healing Salve | 3 | 300 |
| Lesser Clarity Potion | 2 | 140 |
| Orb of Lightning | 1 | 375 |
| Scroll of Speed | 1 | 50 |
| Potion of Healing | 1 | 150 |
| Scroll of Town Portal | 3 | 1050 |
| Boots of Speed | 1 | 250 |
| Circlet of Nobility | 1 | 175 |
| Potion of Lesser Invulnerability | 2 | 300 |
| Staff of Teleportation | 1 | 150 |
| total: | 16 | 2940g |
| Peon | 19 | 1425 | / | 0 |
| Troll Headhunter | 9 | 1260 | / | 180 |
| Troll Witch Doctor | 5 | 725 | / | 125 |
| Shaman | 2 | 260 | / | 40 |
| Troll Berserker | 5 | 700 | / | 100 |
| total: | 40 | 4370g | / | 445w |
| Watch Tower | 6 | 660 | / | 480 |
| Orc Burrow | 6 | 960 | / | 240 |
| War Mill | 4 | 820 | / | 0 |
| Barracks | 1 | 180 | / | 50 |
| Altar of Storms | 1 | 180 | / | 50 |
| Voodoo Lounge | 1 | 130 | / | 30 |
| Great Hall | 2 | 770 | / | 370 |
| Spirit Lodge | 2 | 300 | / | 300 |
| Stronghold | 2 | 630 | / | 380 |
| Fortress | 1 | 325 | / | 190 |
| total: | 23 | 4000g | / | 1520w |
| 0:02 | Peon |
| 0:03 | Peon |
| 0:21 | Orc Burrow |
| 0:24 | Peon |
| 0:33 | Peon |
| 0:43 | War Mill |
| 0:45 | Barracks |
| 0:58 | Peon |
| 1:11 | Peon |
| 1:21 | Altar of Storms |
| 1:35 | Peon |
| 1:42 | Orc Burrow |
| 1:53 | Peon |
| 1:57 | Troll Headhunter |
| 2:11 | Troll Headhunter |
| 2:25 | Voodoo Lounge |
| 2:39 | Chemical Rage |
| 2:45 | Troll Headhunter |
| 2:46 | Peon |
| 3:02 | Troll Headhunter |
| 3:07 | Peon |
| 3:25 | Troll Headhunter |
| 3:40 | Healing Salve |
| 3:40 | Healing Salve |
| 3:52 | Troll Headhunter |
| 4:30 | Stronghold |
| 4:34 | Healing Spray |
| 4:51 | Orc Burrow |
| 4:53 | Orc Burrow |
| 5:13 | Steel Ranged Weapons |
| 5:17 | Steel Armor |
| 5:34 | Watch Tower |
| 5:51 | Spiked Barricades |
| 6:24 | Boots of Speed |
| 6:26 | Circlet of Nobility |
| 6:47 | Watch Tower |
| 7:24 | Fortress |
| 7:28 | Spirit Lodge |
| 7:28 | Spirit Lodge |
| 7:33 | Healing Spray |
| 9:34 | Troll Regeneration |
| 9:35 | Reinforced Defenses |
| 9:37 | Witch Doctor Adept Training |
| 9:38 | Shaman Adept Training |
| 10:15 | Troll Headhunter |
| 10:16 | Berserker Upgrade |
| 10:24 | Lesser Clarity Potion |
| 10:27 | Scroll of Town Portal |
| 10:27 | Orb of Lightning |
| 10:33 | Troll Headhunter |
| 10:34 | Troll Headhunter |
| 10:55 | Witch Doctor Master Training |
| 10:55 | Shaman Master Training |
| 11:12 | Troll Witch Doctor |
| 11:39 | Shaman |
| 11:41 | Troll Berserker |
| 11:49 | Thorium Ranged Weapons |
| 12:01 | Troll Berserker |
| 12:30 | Troll Berserker |
| 12:33 | Troll Witch Doctor |
| 13:03 | Troll Witch Doctor |
| 13:15 | Troll Witch Doctor |
| 13:27 | Chemical Rage |
| 13:54 | Healing Spray |
| 14:03 | Shaman |
| 14:08 | Potion of Lesser Invulnerability |
| 14:17 | Peon |
| 14:59 | Thorium Armor |
| 15:35 | Arcanite Ranged Weapons |
| 15:40 | Great Hall |
| 17:40 | Great Hall |
| 17:45 | Scroll of Town Portal |
| 18:26 | Scroll of Town Portal |
| 18:37 | Peon |
| 18:37 | Peon |
| 18:37 | Peon |
| 18:37 | Peon |
| 18:40 | Troll Witch Doctor |
| 19:16 | Troll Berserker |
| 20:16 | Stronghold |
| 20:20 | Troll Berserker |
| 22:02 | Transmute |
| 22:30 | War Mill |
| 22:32 | Orc Burrow |
| 22:33 | Orc Burrow |
| 23:53 | Staff of Teleportation |
| 23:53 | Potion of Lesser Invulnerability |
| 24:46 | Watch Tower |
| 24:46 | Watch Tower |
| 24:47 | Watch Tower |
| 24:49 | Watch Tower |
| 26:09 | Peon |
| 26:09 | Peon |
| 26:09 | Peon |
| 26:09 | Peon |
| 26:15 | Chemical Rage |
| 26:43 | Healing Salve |
| 26:47 | Lesser Clarity Potion |
| 26:51 | Scroll of Speed |
| 27:01 | Potion of Healing |
| 28:11 | Improved Spiked Barricades |
| 29:35 | War Mill |
| 30:02 | War Mill |
| 32:23 | Acid Bomb |
| Right click | 1230 |
| Select group | 588 |
| Select | 456 |
| Build/train/purchase | 129 |
| Assign group | 125 |
| Use ability | 56 |
| Resource trade | 52 |
| Misc. action | 23 |
| Minimap ping | 7 |
| Remove unit | 3 |
| Item give/drop | 2 |
218 units @ 31.7k
/ 4.6k
125 buildings @ 19.7k
/ 9.8k

| Potion of Healing | 1 | 150 |
| Scroll of Town Portal | 4 | 1400 |
| Staff of Teleportation | 1 | 150 |
| Potion of Invisibility | 1 | 100 |
| Potion of Lesser Invulnerability | 1 | 150 |
| Ritual Dagger | 1 | 125 |
| Rod of Necromancy | 1 | 150 |
| total: | 10 | 2225g |
| Wisp | 67 | 4020 | / | 0 |
| Archer | 1 | 130 | / | 10 |
| Huntress | 1 | 195 | / | 20 |
| Chimaera | 18 | 5940 | / | 1260 |
| Hippogryph | 16 | 2560 | / | 320 |
| total: | 103 | 12845g | / | 1610w |
| Ancient Protector | 8 | 1080 | / | 640 |
| Altar of Elders | 1 | 180 | / | 50 |
| Moon Well | 8 | 1440 | / | 320 |
| Ancient of War | 5 | 750 | / | 300 |
| Hunter's Hall | 1 | 210 | / | 100 |
| Tree of Life | 6 | 2040 | / | 1110 |
| Ancient of Wonders | 4 | 360 | / | 120 |
| Ancient of Wind | 2 | 300 | / | 280 |
| Chimaera Roost | 3 | 420 | / | 570 |
| Tree of Ages | 1 | 320 | / | 180 |
| Tree of Eternity | 1 | 330 | / | 200 |
| total: | 38 | 6780g | / | 3490w |
| 0:04 | Wisp |
| 0:04 | Wisp |
| 0:14 | Altar of Elders |
| 0:19 | Moon Well |
| 0:29 | Wisp |
| 0:39 | Wisp |
| 0:46 | Ancient of War |
| 0:48 | Wisp |
| 1:28 | Wisp |
| 1:29 | Wisp |
| 1:47 | Moon Well |
| 1:51 | Archer |
| 1:58 | Wisp |
| 1:58 | Wisp |
| 2:05 | Wisp |
| 2:38 | Pocket Factory |
| 2:58 | Moon Well |
| 3:03 | Wisp |
| 3:03 | Wisp |
| 3:03 | Wisp |
| 3:15 | Wisp |
| 3:15 | Wisp |
| 3:16 | Wisp |
| 3:39 | Cluster Rockets |
| 3:52 | Hunter's Hall |
| 3:55 | Wisp |
| 3:56 | Wisp |
| 4:15 | Tree of Life |
| 4:41 | Ancient of War |
| 4:56 | Wisp |
| 4:57 | Wisp |
| 5:12 | Tree of Ages |
| 5:30 | Ancient Protector |
| 5:34 | Ancient of Wonders |
| 5:46 | Ancient Protector |
| 5:56 | Moon Well |
| 6:19 | Wisp |
| 6:19 | Wisp |
| 6:58 | Wisp |
| 6:58 | Wisp |
| 6:58 | Wisp |
| 7:19 | Ancient Protector |
| 7:38 | Tree of Eternity |
| 7:41 | Wisp |
| 7:42 | Wisp |
| 7:42 | Wisp |
| 7:53 | Ancient of Wonders |
| 7:54 | Wisp |
| 7:54 | Wisp |
| 8:01 | Wisp |
| 8:10 | Huntress |
| 8:34 | Wisp |
| 8:34 | Wisp |
| 8:41 | Ancient of Wind |
| 8:48 | Wisp |
| 9:17 | Wisp |
| 9:17 | Wisp |
| 9:53 | Potion of Healing |
| 10:02 | Wisp |
| 10:02 | Wisp |
| 10:15 | Chimaera Roost |
| 10:16 | Chimaera Roost |
| 10:16 | Chimaera Roost |
| 10:18 | Wisp |
| 10:18 | Wisp |
| 10:41 | Strength of the Wild |
| 10:45 | Moon Well |
| 10:47 | Wisp |
| 10:50 | Moon Well |
| 11:00 | Ancient of War |
| 11:03 | Ancient of Wonders |
| 11:06 | Wisp |
| 11:06 | Wisp |
| 11:10 | Moon Well |
| 11:14 | Wisp |
| 11:14 | Wisp |
| 11:23 | Wisp |
| 11:23 | Wisp |
| 11:39 | Corrosive Breath |
| 11:42 | Chimaera |
| 11:46 | Chimaera |
| 12:04 | Staff of Teleportation |
| 12:06 | Scroll of Town Portal |
| 12:13 | Ancient Protector |
| 12:19 | Improved Strength of the Wild |
| 12:22 | Chimaera |
| 12:24 | Pocket Factory |
| 12:42 | Ancient Protector |
| 12:48 | Ancient Protector |
| 13:01 | Chimaera |
| 13:43 | Advanced Strength of the Wild |
| 14:24 | Wisp |
| 14:24 | Wisp |
| 14:26 | Chimaera |
| 14:50 | Chimaera |
| 15:22 | Reinforced Hides |
| 15:41 | Moon Well |
| 17:15 | Chimaera |
| 17:34 | Ancient Protector |
| 18:19 | Hippogryph |
| 18:19 | Hippogryph |
| 18:27 | Cluster Rockets |
| 18:50 | Scroll of Town Portal |
| 18:52 | Potion of Invisibility |
| 19:52 | Pocket Factory |
| 19:59 | Hippogryph |
| 19:59 | Hippogryph |
| 20:09 | Scroll of Town Portal |
| 20:10 | Ritual Dagger |
| 20:11 | Rod of Necromancy |
| 21:09 | Chimaera |
| 21:35 | Chimaera |
| 22:11 | Hippogryph |
| 22:15 | Tree of Life |
| 22:38 | Chimaera |
| 22:50 | Hippogryph |
| 23:11 | Ancient of Wind |
| 23:23 | Hippogryph |
| 23:26 | Chimaera |
| 23:57 | Hippogryph |
| 24:14 | Chimaera |
| 24:39 | Robo-Goblin |
| 25:01 | Scroll of Town Portal |
| 25:02 | Potion of Lesser Invulnerability |
| 25:15 | Chimaera |
| 25:25 | Chimaera |
| 25:35 | Ancient of Wonders |
| 26:09 | Chimaera |
| 26:11 | Hippogryph |
| 26:21 | Wisp |
| 26:21 | Wisp |
| 26:47 | Hippogryph |
| 27:00 | Tree of Life |
| 27:03 | Ancient of War |
| 27:31 | Hippogryph |
| 27:44 | Wisp |
| 27:45 | Wisp |
| 28:06 | Hippogryph |
| 28:09 | Chimaera |
| 28:16 | Ancient Protector |
| 28:21 | Ancient of War |
| 28:24 | Wisp |
| 28:24 | Wisp |
| 28:37 | Wisp |
| 28:41 | Hippogryph |
| 29:20 | Wisp |
| 29:20 | Wisp |
| 29:24 | Chimaera |
| 29:25 | Hippogryph |
| 30:04 | Hippogryph |
| 30:27 | Wisp |
| 30:31 | Chimaera |
| 30:49 | Wisp |
| 31:28 | Cluster Rockets |
| 31:38 | Tree of Life |
| 33:35 | Wisp |
| 33:59 | Hippogryph |
| 34:06 | Tree of Life |
| 34:43 | Wisp |
| 35:16 | Engineering Upgrade |
| 36:03 | Tree of Life |
| 36:15 | Wisp |
| 36:16 | Wisp |
| 36:16 | Wisp |
| 36:17 | Wisp |
| 36:18 | Wisp |
| Right click | 951 |
| Select | 654 |
| Select group | 571 |
| Build/train/purchase | 170 |
| Misc. action | 133 |
| Use ability | 71 |
| Assign group | 38 |
| Resource trade | 17 |
| Minimap ping | 14 |
| Remove unit | 6 |

| Lesser Clarity Potion | 7 | 490 |
| Healing Salve | 5 | 500 |
| Scroll of Speed | 3 | 150 |
| Scroll of Town Portal | 4 | 1400 |
| Scroll of Healing | 2 | 500 |
| Boots of Speed | 1 | 250 |
| total: | 22 | 3290g |
| Peon | 12 | 900 | / | 0 |
| Grunt | 2 | 400 | / | 0 |
| Troll Headhunter | 6 | 840 | / | 120 |
| Wind Rider | 12 | 3180 | / | 480 |
| Troll Berserker | 12 | 1680 | / | 240 |
| Troll Batrider | 7 | 1120 | / | 280 |
| total: | 51 | 8120g | / | 1120w |
| Watch Tower | 43 | 4730 | / | 3440 |
| Altar of Storms | 1 | 180 | / | 50 |
| Orc Burrow | 5 | 800 | / | 200 |
| Voodoo Lounge | 1 | 130 | / | 30 |
| Barracks | 1 | 180 | / | 50 |
| War Mill | 1 | 205 | / | 0 |
| Great Hall | 2 | 770 | / | 370 |
| Beastiary | 4 | 580 | / | 560 |
| Stronghold | 1 | 315 | / | 190 |
| Fortress | 1 | 325 | / | 190 |
| total: | 58 | 7575g | / | 4700w |
| 0:07 | Peon |
| 0:08 | Peon |
| 0:13 | Altar of Storms |
| 0:15 | Orc Burrow |
| 0:41 | Peon |
| 0:47 | Voodoo Lounge |
| 0:55 | Peon |
| 1:20 | Peon |
| 1:56 | Barracks |
| 2:01 | Peon |
| 2:06 | War Mill |
| 2:18 | Peon |
| 2:33 | Peon |
| 2:56 | Stronghold |
| 3:07 | Grunt |
| 3:12 | Serpent Ward |
| 3:34 | Lesser Clarity Potion |
| 3:35 | Healing Salve |
| 3:35 | Scroll of Speed |
| 3:44 | Orc Burrow |
| 4:57 | Grunt |
| 4:58 | Troll Headhunter |
| 5:29 | Beastiary |
| 5:35 | Beastiary |
| 5:40 | Orc Burrow |
| 5:54 | Troll Headhunter |
| 6:16 | Troll Headhunter |
| 6:35 | Troll Headhunter |
| 6:38 | Wind Rider |
| 6:44 | Hex |
| 7:14 | Watch Tower |
| 7:15 | Watch Tower |
| 7:15 | Watch Tower |
| 7:21 | Wind Rider |
| 7:46 | Wind Rider |
| 8:12 | Orc Burrow |
| 8:14 | Steel Armor |
| 9:20 | Wind Rider |
| 9:21 | Fortress |
| 9:23 | Troll Headhunter |
| 9:26 | Serpent Ward |
| 9:44 | Scroll of Town Portal |
| 10:21 | Hex |
| 10:38 | Watch Tower |
| 10:38 | Watch Tower |
| 10:39 | Watch Tower |
| 10:39 | Watch Tower |
| 10:48 | Healing Salve |
| 11:08 | Wind Rider |
| 11:57 | Envenomed Spears |
| 11:57 | Wind Rider |
| 11:59 | Troll Headhunter |
| 12:25 | Berserker Upgrade |
| 12:26 | Troll Regeneration |
| 12:33 | Scroll of Town Portal |
| 12:59 | Healing Salve |
| 13:04 | Lesser Clarity Potion |
| 13:08 | Scroll of Speed |
| 13:19 | Watch Tower |
| 13:20 | Watch Tower |
| 13:46 | Serpent Ward |
| 13:57 | Steel Ranged Weapons |
| 15:02 | Beastiary |
| 15:05 | Beastiary |
| 15:08 | Liquid Fire |
| 15:14 | Watch Tower |
| 17:22 | Wind Rider |
| 17:29 | Big Bad Voodoo |
| 18:10 | Wind Rider |
| 18:13 | Troll Berserker |
| 18:23 | Lesser Clarity Potion |
| 18:33 | Scroll of Town Portal |
| 18:44 | Wind Rider |
| 18:46 | Troll Berserker |
| 18:52 | Troll Berserker |
| 18:57 | Troll Batrider |
| 19:16 | Troll Berserker |
| 19:38 | Peon |
| 20:16 | Great Hall |
| 21:33 | Scroll of Healing |
| 21:33 | Scroll of Healing |
| 21:44 | Orc Burrow |
| 22:52 | Troll Berserker |
| 22:52 | Troll Berserker |
| 22:52 | Troll Berserker |
| 22:54 | Troll Batrider |
| 23:05 | Lesser Clarity Potion |
| 23:50 | Troll Batrider |
| 24:40 | Troll Batrider |
| 24:46 | Watch Tower |
| 24:46 | Watch Tower |
| 24:47 | Watch Tower |
| 24:47 | Watch Tower |
| 24:47 | Watch Tower |
| 24:48 | Watch Tower |
| 24:52 | Hex |
| 26:44 | Troll Batrider |
| 26:46 | Troll Berserker |
| 26:47 | Troll Berserker |
| 27:01 | Boots of Speed |
| 27:21 | Healing Salve |
| 27:21 | Healing Salve |
| 27:22 | Scroll of Speed |
| 27:28 | Lesser Clarity Potion |
| 27:50 | Troll Batrider |
| 28:23 | Troll Batrider |
| 28:25 | Troll Berserker |
| 29:07 | Scroll of Town Portal |
| 29:26 | Healing Wave |
| 30:58 | Peon |
| 30:58 | Peon |
| 31:05 | Lesser Clarity Potion |
| 33:21 | Wind Rider |
| 33:26 | Watch Tower |
| 34:04 | Wind Rider |
| 34:08 | Troll Berserker |
| 34:25 | Lesser Clarity Potion |
| 35:42 | Healing Wave |
| 35:51 | Wind Rider |
| 35:59 | Great Hall |
| 36:22 | Peon |
| 36:28 | Watch Tower |
| 36:28 | Watch Tower |
| 36:29 | Watch Tower |
| 36:29 | Watch Tower |
| 36:30 | Watch Tower |
| 36:51 | Troll Berserker |
| 37:53 | Reinforced Defenses |
| 37:55 | Thorium Armor |
| 40:03 | Watch Tower |
| 40:04 | Watch Tower |
| 40:05 | Watch Tower |
| 40:05 | Watch Tower |
| 40:06 | Watch Tower |
| 40:07 | Watch Tower |
| 40:07 | Watch Tower |
| 40:08 | Watch Tower |
| 40:09 | Watch Tower |
| 40:16 | Watch Tower |
| 40:16 | Watch Tower |
| 40:17 | Watch Tower |
| 40:18 | Watch Tower |
| 40:18 | Watch Tower |
| 40:19 | Watch Tower |
| 40:20 | Watch Tower |
| 40:20 | Watch Tower |
| 40:20 | Watch Tower |
| 40:21 | Watch Tower |
| 40:21 | Watch Tower |
| 40:22 | Watch Tower |
| Right click | 1294 |
| Select | 494 |
| Select group | 247 |
| Build/train/purchase | 133 |
| Use ability | 123 |
| Assign group | 66 |
| Chat | 62 |
| Misc. action | 9 |
| Esc | 8 |
| Resource trade | 5 |
| Minimap ping | 3 |



| Rod of Necromancy | 2 | 300 |
| Potion of Mana | 5 | 1000 |
| Orb of Corruption | 3 | 1125 |
| Potion of Healing | 6 | 900 |
| Dust of Appearance | 1 | 75 |
| Scroll of Town Portal | 9 | 3150 |
| Scroll of Healing | 2 | 500 |
| Boots of Speed | 1 | 250 |
| Potion of Lesser Invulnerability | 2 | 300 |
| total: | 31 | 7600g |
| Acolyte | 24 | 1800 | / | 0 |
| Ghoul | 4 | 480 | / | 0 |
| Crypt Fiend | 21 | 4515 | / | 840 |
| Obsidian Statue | 8 | 1600 | / | 280 |
| Frost Wyrm | 6 | 2310 | / | 720 |
| total: | 63 | 10705g | / | 1840w |
| Nerubian Tower | 2 | 200 | / | 40 |
| Spirit Tower | 1 | 145 | / | 40 |
| Graveyard | 1 | 215 | / | 0 |
| Crypt | 1 | 200 | / | 50 |
| Altar of Darkness | 1 | 180 | / | 50 |
| Ziggurat | 10 | 1500 | / | 500 |
| Tomb of Relics | 1 | 130 | / | 30 |
| Necropolis | 7 | 1575 | / | 0 |
| Slaughterhouse | 1 | 140 | / | 135 |
| Boneyard | 3 | 525 | / | 600 |
| Halls of the Dead | 1 | 320 | / | 210 |
| Black Citadel | 1 | 325 | / | 230 |
| total: | 25 | 4465g | / | 1365w |
| 0:03 | Acolyte |
| 0:03 | Acolyte |
| 0:32 | Graveyard |
| 0:36 | Crypt |
| 0:38 | Altar of Darkness |
| 0:39 | Ziggurat |
| 1:14 | Ziggurat |
| 1:37 | Ghoul |
| 1:42 | Tomb of Relics |
| 1:55 | Crypt Fiend |
| 1:57 | Nerubian Tower |
| 2:14 | Crypt Fiend |
| 2:45 | Crypt Fiend |
| 2:48 | Rod of Necromancy |
| 2:53 | Death Coil |
| 3:31 | Ghoul |
| 3:34 | Crypt Fiend |
| 3:45 | Halls of the Dead |
| 3:49 | Ghoul |
| 4:18 | Unholy Aura |
| 4:39 | Ghoul |
| 4:41 | Ziggurat |
| 5:09 | Creature Attack |
| 5:26 | Ziggurat |
| 5:34 | Dust of Appearance |
| 5:35 | Boots of Speed |
| 5:42 | Crypt Fiend |
| 6:38 | Crypt Fiend |
| 6:41 | Black Citadel |
| 6:44 | Death Coil |
| 7:25 | Web |
| 7:30 | Slaughterhouse |
| 7:32 | Ziggurat |
| 7:37 | Scroll of Town Portal |
| 7:38 | Potion of Mana |
| 7:38 | Rod of Necromancy |
| 8:03 | Burrow |
| 8:04 | Creature Carapace |
| 8:20 | Potion of Lesser Invulnerability |
| 8:22 | Scroll of Healing |
| 8:31 | Frost Nova |
| 9:04 | Boneyard |
| 9:41 | Obsidian Statue |
| 10:19 | Obsidian Statue |
| 10:22 | Frost Wyrm |
| 10:24 | Ghoul Frenzy |
| 10:40 | Frost Armor |
| 10:52 | Improved Creature Attack |
| 11:17 | Acolyte |
| 11:17 | Acolyte |
| 11:17 | Acolyte |
| 11:49 | Frost Nova |
| 12:08 | Necropolis |
| 12:09 | Crypt Fiend |
| 12:14 | Frost Wyrm |
| 12:17 | Ziggurat |
| 12:59 | Unholy Aura |
| 13:01 | Orb of Corruption |
| 13:03 | Scroll of Town Portal |
| 13:54 | Acolyte |
| 13:55 | Acolyte |
| 14:17 | Acolyte |
| 14:18 | Acolyte |
| 14:45 | Impale |
| 14:48 | Acolyte |
| 15:04 | Frost Wyrm |
| 15:05 | Improved Creature Carapace |
| 15:33 | Frost Wyrm |
| 16:21 | Frost Armor |
| 16:37 | Crypt Fiend |
| 16:39 | Obsidian Statue |
| 16:54 | Death Coil |
| 18:02 | Crypt Fiend |
| 18:04 | Advanced Creature Attack |
| 18:11 | Potion of Healing |
| 18:11 | Scroll of Town Portal |
| 18:34 | Freezing Breath |
| 18:40 | Potion of Healing |
| 18:41 | Orb of Corruption |
| 18:44 | Scroll of Town Portal |
| 19:38 | Frost Nova |
| 20:07 | Necropolis |
| 20:16 | Potion of Healing |
| 20:28 | Scroll of Town Portal |
| 20:44 | Boneyard |
| 20:45 | Boneyard |
| 20:46 | Advanced Creature Carapace |
| 20:47 | Acolyte |
| 20:47 | Acolyte |
| 21:22 | Obsidian Statue |
| 21:26 | Animate Dead |
| 21:30 | Potion of Healing |
| 21:30 | Potion of Mana |
| 21:54 | Crypt Fiend |
| 22:17 | Scroll of Town Portal |
| 22:20 | Potion of Mana |
| 22:41 | Acolyte |
| 22:50 | Crypt Fiend |
| 22:58 | Obsidian Statue |
| 23:15 | Spiked Carapace |
| 23:21 | Crypt Fiend |
| 23:40 | Necropolis |
| 24:28 | Scroll of Town Portal |
| 24:37 | Acolyte |
| 24:38 | Crypt Fiend |
| 24:52 | Acolyte |
| 25:38 | Acolyte |
| 25:38 | Acolyte |
| 26:06 | Ziggurat |
| 26:07 | Ziggurat |
| 26:11 | Ziggurat |
| 26:11 | Ziggurat |
| 27:13 | Nerubian Tower |
| 27:14 | Spirit Tower |
| 28:14 | Crypt Fiend |
| 28:14 | Crypt Fiend |
| 28:16 | Obsidian Statue |
| 28:17 | Acolyte |
| 28:28 | Potion of Healing |
| 28:29 | Potion of Healing |
| 28:30 | Potion of Mana |
| 28:30 | Scroll of Town Portal |
| 28:30 | Orb of Corruption |
| 28:40 | Frost Wyrm |
| 28:47 | Acolyte |
| 29:08 | Crypt Fiend |
| 29:50 | Crypt Fiend |
| 29:54 | Necropolis |
| 30:12 | Necropolis |
| 30:17 | Potion of Mana |
| 30:22 | Crypt Fiend |
| 31:04 | Crypt Fiend |
| 31:06 | Obsidian Statue |
| 31:24 | Death and Decay |
| 31:30 | Crypt Fiend |
| 32:03 | Acolyte |
| 32:04 | Acolyte |
| 32:48 | Crypt Fiend |
| 32:51 | Acolyte |
| 33:07 | Scroll of Town Portal |
| 33:19 | Scroll of Healing |
| 33:23 | Potion of Lesser Invulnerability |
| 33:41 | Unholy Aura |
| 34:19 | Frost Wyrm |
| 34:24 | Obsidian Statue |
| 35:36 | Acolyte |
| 35:36 | Acolyte |
| 35:39 | Frost Armor |
| 36:12 | Impale |
| 36:18 | Necropolis |
| 37:25 | Necropolis |
| Right click | 2030 |
| Select group | 1706 |
| Select | 1016 |
| Misc. action | 275 |
| Chat | 220 |
| Build/train/purchase | 182 |
| Use ability | 129 |
| Assign group | 90 |
| Resource trade | 16 |
| Minimap ping | 11 |
| Item give/drop | 9 |
| Esc | 5 |

| Scroll of Speed | 3 | 150 |
| Lesser Clarity Potion | 6 | 420 |
| Healing Salve | 4 | 400 |
| Dust of Appearance | 1 | 75 |
| Circlet of Nobility | 4 | 700 |
| Boots of Speed | 1 | 250 |
| Potion of Lesser Invulnerability | 8 | 1200 |
| Orb of Venom | 2 | 650 |
| total: | 29 | 3845g |
| Peon | 1 | 75 | / | 0 |
| total: | 1 | 75g | / | 0w |
| Altar of Storms | 1 | 180 | / | 50 |
| Voodoo Lounge | 1 | 130 | / | 30 |
| War Mill | 1 | 205 | / | 0 |
| Great Hall | 1 | 385 | / | 185 |
| total: | 4 | 900g | / | 265w |
| 0:02 | Peon |
| 0:11 | Altar of Storms |
| 0:14 | Voodoo Lounge |
| 1:43 | War Mill |
| 2:09 | Scroll of Speed |
| 2:09 | Lesser Clarity Potion |
| 2:10 | Lesser Clarity Potion |
| 2:10 | Healing Salve |
| 2:17 | Wind Walk |
| 2:30 | Circlet of Nobility |
| 3:59 | Boots of Speed |
| 4:00 | Dust of Appearance |
| 5:01 | Critical Strike |
| 6:32 | Wind Walk |
| 7:21 | Critical Strike |
| 7:52 | Lesser Clarity Potion |
| 7:52 | Healing Salve |
| 7:55 | Scroll of Speed |
| 9:07 | Potion of Lesser Invulnerability |
| 9:09 | Circlet of Nobility |
| 11:16 | Critical Strike |
| 11:57 | Circlet of Nobility |
| 12:00 | Potion of Lesser Invulnerability |
| 14:26 | Lesser Clarity Potion |
| 14:28 | Healing Salve |
| 14:33 | Scroll of Speed |
| 14:33 | Lesser Clarity Potion |
| 14:46 | Circlet of Nobility |
| 14:48 | Potion of Lesser Invulnerability |
| 17:32 | Potion of Lesser Invulnerability |
| 18:08 | Orb of Venom |
| 18:08 | Orb of Venom |
| 19:42 | Lesser Clarity Potion |
| 19:42 | Healing Salve |
| 21:17 | Potion of Lesser Invulnerability |
| 23:13 | Spiked Barricades |
| 26:41 | Potion of Lesser Invulnerability |
| 27:07 | Bladestorm |
| 29:33 | Potion of Lesser Invulnerability |
| 31:08 | Mirror Image |
| 34:51 | Potion of Lesser Invulnerability |
| 35:48 | Great Hall |
| 36:38 | Mirror Image |
| Right click | 3215 |
| Resource trade | 257 |
| Build/train/purchase | 166 |
| Select | 149 |
| Chat | 146 |
| Minimap ping | 39 |
| Use ability | 33 |
| Item give/drop | 16 |
⇛